 Dungeon Crawl Stone Soup version 0.31-a0-66-ge618eeaa78 (webtiles) character file.

Game seed: 9283411389513128953

307 browni3141 the Cutter (level 6, -4/48 HPs)
             Began as a Mummy Gladiator on May 22, 2023.
             Was an Initiate of Kikubaaqudgha.
             Slain by an orc warrior
             ... wielding a +0 short sword of holy wrath
              (11 damage)
             ... on level 4 of the Dungeon.
             The game lasted 00:04:38 (4088 turns).

browni3141 the Cutter (Mummy Gladiator)             Turns: 4088, Time: 00:04:39

Health: -4/48      AC:  7    Str: 19    XL:     6   Next: 16%
Magic:  9/9        EV: 11    Int: 10    God:    Kikubaaqudgha [......]
Gold:   279        SH:  0    Dex: 13    Spells: 9/9 levels left

rFire   x . .        a - +0 rapier
rCold   + . .        (no shield)
rNeg    + + +        g - +0 ring mail
rPois   ∞            n - +1 helmet "Arikh" {rCorr Str+2}
rElec   .            (no cloak)
rCorr   +            (no gloves)
SInv    +            (no boots)
Will    .....        (no amulet)
Stlth   +            k - ring of see invisible
HPRegen 0.28/turn    (no ring)
MPRegen 0.11/turn

%: faith
@: no status effects
A: cold resistance 1, negative energy resistance 3, torment resistance 2, heat
vulnerability 1, in touch with death 1, no potions, faith
a: Renounce Religion


You were on level 4 of the Dungeon.
You worshipped Kikubaaqudgha.
Kikubaaqudgha was noncommittal.
You visited 1 branch of the dungeon, and saw 4 of its levels.

You collected 279 gold pieces.

Inventory:

Hand Weapons
 a - a +0 rapier (weapon)
Missiles
 e - 3 javelins (quivered)
 p - 6 poisoned darts
Armour
 b - a +0 leather armour
 c - a +0 helmet
 g - a +0 ring mail (worn)
 n - the +1 helmet "Arikh" (worn) {rCorr Str+2}
   (You found it on level 2 of the Dungeon)

   Str:       It affects your strength (+2).
   rCorr:     It protects you from acid and corrosion.
Jewellery
 k - a ring of see invisible (left hand)
Scrolls
 f - 8 scrolls of identify {unknown}
 h - 2 scrolls of noise {unknown}
 i - a scroll of enchant weapon {unknown}
 j - 2 scrolls of teleportation {unknown}
 l - a scroll of fog {unknown}
 m - a scroll of magic mapping {unknown}
 o - a scroll of immolation {unknown}
 q - 2 scrolls of enchant armour {unknown}
 r - 2 scrolls of vulnerability {unknown}
 s - a scroll of poison {unknown}


   Skills:
 + Level 3.8 Fighting
 * Level 4.4 Short Blades
 - Level 1.5 Throwing
 - Level 2.4 Dodging
 * Level 2.4 Spellcasting
 + Level 1.1 Necromancy


You had 9 spell levels left.
You didn't know any spells.
Your spell library contained the following spells:

 Spells                   Type           Power      Damage    Failure   Level
 Magic Dart               Conj           4%         1d3       45%         1
 Lesser Beckoning         Tloc           2%         N/A       61%         2
 Searing Ray              Conj           2%         2d4       61%         2
 Gell's Gravitas          Tloc           1%         N/A       83%         3
 Ozocubu's Armour         Ice            1%         N/A       83%         3
 Teleport Other           Tloc           1%         N/A       83%         3
 Fulminant Prism          Conj/Hex       0%         3d5       99%         4
 Fireball                 Conj/Fire      0%         3d3       100%        5
 Iskenderun's Battlesphe  Conj           1%         2d6       100%        5
 Conjure Ball Lightning   Conj/Air       0%         3x3d6     100%        6
 Orb of Destruction       Conj           0%         9d5       100%        7
 Ozocubu's Refrigeration  Ice            0%         4d7       100%        7


Dungeon Overview and Level Annotations

Branches:
Dungeon (4/15)
 Temple: D:4-7

Altars:
Kikubaaqudgha
Makhleb
Nemelex Xobeh
Okawaru
Qazlal
Xom


Innate Abilities, Weirdness & Mutations

You are immune to poison.
Your flesh is cold resistant. (rC+)
You are immune to negative energy. (rN+++)
You are immune to unholy pain and torment.
You are vulnerable to heat. (rF-)
You are in touch with the powers of death.
You do not drink.
You have a special connection with the divine. (Faith)


Message History

The orc warrior is moderately wounded.
The orc warrior struggles against the net.
You catch the helpless orc warrior completely off-guard!
You hit the orc warrior.
The orc warrior is heavily wounded.
The orc warrior struggles against the net.
You catch the helpless orc warrior completely off-guard!
You hit the orc warrior.
The orc warrior is heavily wounded.
The orc warrior struggles against the net.
The net rips apart, and the orc warrior comes free!
Throw: throwing net
Press: ? - help, Q - select action, (/) - cycle Shift-Dir - straight line, f/p - orc warrior
Aim: an orc warrior, wielding a +0 short sword of holy wrath and wearing a +0 chain mail (heavily wounded, 53% to hit)
You throw a throwing net.
The throwing net barely misses the orc warrior.
The orc warrior hits you but does no damage.
You hit the orc warrior.
The orc warrior is severely wounded.
The orc warrior hits you with a +0 short sword of holy wrath!
You convulse!
You hit the orc warrior but do no damage.
The orc warrior is severely wounded.
The orc warrior hits you with a +0 short sword of holy wrath.
You convulse.
You barely miss the orc warrior.
The orc warrior is severely wounded.
The orc warrior hits you with a +0 short sword of holy wrath!
You convulse!
* * * LOW HITPOINT WARNING * * *
Unknown command.
You hit the orc warrior but do no damage.
The orc warrior is severely wounded.
The orc warrior hits you but does no damage.
Unknown command.
You hit the orc warrior.
The orc warrior is severely wounded.
The orc warrior hits you with a +0 short sword of holy wrath!
You die...
Kikubaaqudgha rasps: "You have failed me!
Welcome... oblivion!"

######.#####.##.##
#.. #.......##<#
##. ##########.#
#. ##.#######
###..<...#
####........# #
####....#.##...# #
#....##.#......# #
#@########.##..# #
#o## ###.##..# #
#(.# ..##.....# #
##.# ...##.##### #
#.#..o[##.#
#.'....##.#
###...[##.# ####
######.# #..†
#.####.##


You could see an orc warrior.

Vanquished Creatures
  A scorpion (D:4)
  An orc priest (D:3)
  A sleepcap (D:4)
  An iguana (D:4)
  Robin (D:2)
  4 adders
  2 worms
  A dart slug (D:2)
  9 orcs
  12 ball pythons
  6 bats
  8 endoplasms
  2 giant cockroaches
  12 goblins
  7 hobgoblins
  8 jackals
  9 kobolds
  A quokka (D:2)
  9 frilled lizards
  8 rats
103 creatures vanquished.

Notes
Turn   | Place    | Note
-------+----------+-------------------------------------------
     0 | D:1      | browni3141 the Mummy Gladiator began the quest for the Orb.
     0 | D:1      | Reached XP level 1. HP: 16/16 MP: 1/1
   134 | D:1      | Reached XP level 2. HP: 23/23 MP: 2/2
   415 | D:1      | Reached skill level 3 in Short Blades
   432 | D:1      | Gained mutation: You are in touch with the powers of death.
                  | [Mummy growth]
   432 | D:1      | Reached XP level 3. HP: 26/28 MP: 3/3
  1437 | D:2      | Reached XP level 4. HP: 22/35 MP: 4/4
  1517 | D:2      | Identified the +1 helmet "Arikh" {rCorr Str+2}
  1651 | D:2      | Noticed Robin
  1669 | D:2      | Killed Robin
  2046 | D:2      | Found a faded altar of an unknown god.
  2529 | D:3      | Reached skill level 4 in Short Blades
  2702 | D:3      | Found a sparkling altar of Nemelex Xobeh.
  2702 | D:3      | Found an ancient bone altar of Kikubaaqudgha.
  2711 | D:3      | Became a worshipper of Kikubaaqudgha
  2717 | D:3      | Reached XP level 5. HP: 41/41 MP: 5/5
  2878 | D:3      | Found a burning altar of Makhleb.
  2885 | D:3      | Found a hazy altar of Hepliaklqana.
  2885 | D:3      | Found a shimmering altar of Xom.
  2887 | D:3      | Found an ancient bone altar of Kikubaaqudgha.
  2887 | D:3      | Found a stormy altar of Qazlal.
  2887 | D:3      | Found an iron altar of Okawaru.
  3178 | D:4      | Reached skill level 1 in Spellcasting
  3679 | D:4      | Reached skill level 1 in Necromancy
  3679 | D:4      | Reached XP level 6. HP: 24/48 MP: 9/9
  3856 | D:4      | Noticed an orc warrior
  4088 | D:4      | Slain by an orc warrior

Illustrated notes

Levels and vault maps discovered:
D:1:      erik_arrival_cave_to_civilisation [erik_arrival_cave_to_hall],
          layout_loops_corners
D:2:      minmay_spotlight, layout_loops_ring, shapermc_ecumenical_altar_ellora,
          minmay_tromino_i2, uniq_robin
D:3:      layout_rooms, jmf_multi_god_temple, doesnt_xom_only_xom
D:4:      layout_loops_cross, nicolae_nh_ransacked_shop

Skill      XL: |  1  2  3  4  5 |
---------------+----------------+-----
Short Blades   | 3 4 |  4.4
Fighting       | 3 |  3.8
Spellcasting   | 2 |  2.4
Necromancy     | 1 |  1.1
Throwing       | |  1.5
Dodging        | |  2.4

Action                     |  1- 3 |  4- 6 || total
---------------------------+-------+-------++-------
  Melee: Rapier            |   180 |   275 ||   455
         Punch             |       |     3 ||     3
  Throw: Throwing net      |       |     5 ||     5
   Stab: Held in net/web   |       |     2 ||     2
 Armour: Leather armour    |     5 |       ||     5
         Ring mail         |    85 |   120 ||   205
  Dodge: Dodged            |   112 |   160 ||   272

Table legend: (Time is in decaauts)
 A = Elapsed time spent in this place.
 B = Non-inter-level travel time spent in this place.
 C = Inter-level travel time spent in this place.
 D = Time resting spent in this place.
 E = Time spent auto-exploring this place.
 F = Levels seen in this place.
 G = Mean time per level.
                   A        B        C        D        E       F      G
               +--------+--------+--------+--------+--------+-----+--------+
         Total |   4100 |   3908 |    192 |    119 |   2812 |   4 | 1025.0 |
       Dungeon |   4100 |   3908 |    192 |    119 |   2812 |   4 | 1025.0 |
               +--------+--------+--------+--------+--------+-----+--------+

Top non-repeatable levels by time:
     D:2: 1220 daAuts
     D:1: 1139 daAuts
     D:4: 916 daAuts
     D:3: 824 daAuts
